 Dungeon Crawl Stone Soup version 0.24.0-7-gb3623d2c88 (webtiles) character file.

Game seed: 6609917617695354920, levelgen mode: deterministic

324 Curus the Chopper (level 6, -4/51 HPs)
             Began as a Hill Orc Abyssal Knight on Nov 2, 2019.
             Was a Believer of Lugonu.
             Slain by an iron imp (5 damage)
             ... summoned by Natasha
             ... on level 2 of the Dungeon.
             The game lasted 00:09:15 (2410 turns).

Curus the Chopper (Hill Orc Abyssal Knight)         Turns: 2410, Time: 00:09:16

Health: -4/51      AC: 10    Str: 15    XL:     6   Next: 48%
Magic:  10/10      EV:  4    Int: 12    God:    Lugonu [**....]
Gold:   105        SH:  0    Dex: 12    Spells: 5/5 levels left

rFire    . . .     SeeInvis .   a - +1 hand axe
rCold    . . .     Gourm    .   (no shield)
rNeg     . . .     Faith    .   e - +0 plate armour
rPois    .         Spirit   .   (no helmet)
rElec    .         Reflect  .   (no cloak)
rCorr    .         Harm     .   (no gloves)
MR       .....                  (no boots)
Stlth    ..........             (no amulet)
HPRegen  0.17/turn              (no ring)
MPRegen  0.12/turn              (no ring)

@: slowed, very slow
A: no striking features
a: Depart the Abyss, Bend Space, Renounce Religion


You were on level 2 of the Dungeon.
You worshipped Lugonu.
Lugonu was pleased with you.
You were not hungry.

You visited 1 branch of the dungeon, and saw 2 of its levels.
You visited the Abyss 1 time.

You collected 105 gold pieces.

Inventory:

Hand Weapons
 a - a +1 hand axe (weapon)
Armour
 b - a +0 leather armour
 e - a +0 plate armour (worn)
Wands
 f - a wand of digging (3)
Scrolls
 g - a scroll of magic mapping
 h - a scroll of blinking
Potions
 d - a potion of curing
Comestibles
 c - 3 rations


   Skills:
 - Level 3.6 Fighting
 + Level 6.5 Axes
 - Level 2.1 Armour
 - Level 0.7 Dodging
 + Level 6.3 Invocations


You had 5 spell levels left.
You didn't know any spells.
Your spell library was empty.

Dungeon Overview and Level Annotations

Branches:
Dungeon (2/15)

Altars:
Trog

Annotations:
D:2 1 runed translucent door, Crazy Yiuf, Natasha


Message History

* * * LOW HITPOINT WARNING * * *
Natasha casts a spell at you.
The magic dart hits you but does no damage.
Unknown command.
Your plate armour prevents you from hitting Natasha.
Natasha is severely wounded.
You hit the iron imp but do no damage. You hit the white imp.
The white imp grinds its teeth.
The white imp hits you but does no damage.
Natasha barely misses you. The iron imp hits you!
* * * LOW HITPOINT WARNING * * *
The white imp disappears in a puff of smoke!
Natasha growls.
Natasha stares at you and mumbles some strange words.
The magic dart hits you.
* * * LOW HITPOINT WARNING * * *
Natasha casts a spell at you.
The magic dart hits you but does no damage.
The iron imp hits you.
You die...

###########....#####
#...................
#.#########.........
#.###########'#####.
#.##......# #.# #.
#.##......# #.# #.
#.##......# #.# ##
#.##......###.######
#>.@5..............w
#.###h§.#####.######
#.# #...# #.# #.#
#§.!# #†# #.#
#.........# #.#
#!........# #..
........... ##
##.........
#####.....


You could see an iron imp and Natasha.

Vanquished Creatures
  Sigmund (D:2)
  Terence (D:2)
  Natasha (D:2)
  4 gnolls (D:2)
  3 adders (D:2)
  A worm (D:2)
  3 giant cockroaches
  4 hobgoblins
  8 jackals
  5 kobolds
  A quokka (D:2)
  4 bats
  5 frilled lizards
  3 goblins
  4 rats
48 creatures vanquished.

Notes
Turn   | Place    | Note
-------+----------+-------------------------------------------
     0 | Abyss:1  | Curus the Hill Orc Abyssal Knight began the quest for the
                  | Orb.
     0 | Abyss:1  | Reached XP level 1. HP: 19/19 MP: 2/2
    50 | Abyss:1  | Noticed a worldbinder
    51 | Abyss:1  | Noticed a small abomination
    53 | D:1      | Escaped the Abyss
   190 | D:1      | Reached XP level 2. HP: 21/26 MP: 4/4
   264 | D:1      | Reached * piety under Lugonu
   759 | D:2      | Reached XP level 3. HP: 27/31 MP: 5/5
  1195 | D:2      | Reached XP level 4. HP: 18/39 MP: 7/7
  1462 | D:2      | Noticed Terence
  1468 | D:2      | Found a bloodstained altar of Trog.
  1488 | D:2      | Killed Terence
  1488 | D:2      | Reached skill level 5 in Axes
  1488 | D:2      | Reached XP level 5. HP: 44/45 MP: 8/8
  1526 | D:2      | Noticed Sigmund
  1527 | D:2      | Noticed Natasha
  1560 | D:2      | Killed Sigmund
  1560 | D:2      | Reached XP level 6. HP: 31/51 MP: 8/10
  1568 | D:2      | Killed Natasha
  1572 | D:2      | Reached ** piety under Lugonu
  2336 | D:2      | Found a runed translucent door.
  2337 | D:2      | Noticed Crazy Yiuf
  2397 | D:2      | Noticed Natasha
  2409 | D:2      | HP: 1/51 [Natasha/magic dart (3)]
  2410 | D:2      | Slain by an iron imp

Levels and vault maps discovered:
D:1:      nagdon_arrival_double_spiral, layout_basic
D:2:      layout_basic, marbit_many_paths, uniq_natasha, uniq_sigmund,
          uniq_crazy_yiuf_cottage, uniq_terence

Skill      XL: |  1  2  3  4  5 |
---------------+----------------+-----
Axes           | 3 4 5 6 |  6.5
Invocations    | 3 4 6 |  6.3
Fighting       | |  3.6
Armour         | |  2.1
Dodging        | |  0.7

Action                   |  1- 3 |  4- 6 || total
-------------------------+-------+-------++-------
Melee: Hand axe          |   109 |   121 ||   230
Invok: Depart the Abyss  |     1 |       ||     1
  Use: Scroll            |     4 |       ||     4
       Potion            |     4 |       ||     4
  Eat: Chunk             |     1 |     2 ||     3
       Ration            |       |     1 ||     1
Armor: Leather armour    |     9 |       ||     9
       Plate armour      |    69 |    87 ||   156
Dodge: Dodged            |    26 |    25 ||    51
